 Dungeon Crawl Stone Soup version 0.29-a0-565-g7a16c6de65 (webtiles) character file.

Game seed: 14079705523892280897

322 Malachi the Slasher (level 6, -3/46 HPs)
             Began as a Demonspawn Gladiator on June 12, 2022.
             Was a Follower of Wu Jian.
             Slain by a wyvern (8 damage)
             ... on level 5 of the Dungeon.
             The game lasted 00:04:25 (4321 turns).

Malachi the Slasher (Demonspawn Gladiator)          Turns: 4321, Time: 00:04:25

Health: -3/46      AC: 10    Str: 15    XL:     6   Next: 22%
Magic:  6/6        EV:  7    Int:  9    God:    Wu Jian [*.....]
Gold:   91         SH:  0    Dex: 16    Spells: 5/5 levels left

rFire   . . .      SeeInvis .   a - +0 long sword
rCold   . . .      Faith    .   (no shield)
rNeg    . . .      Spirit   .   i - +0 chain mail
rPois   .          Reflect  .   (helmet restricted)
rElec   .          Harm     .   (no cloak)
rCorr   .          Rampage  .   (no gloves)
Will    .....                   p - +0 pair of boots
Stlth   ..........              (no amulet)
HPRegen 0.15/turn               (no ring)
MPRegen 0.10/turn               (no ring)

@: no status effects
A: antennae 2, foul stench 1
a: Renounce Religion


You were on level 5 of the Dungeon.
You worshipped Wu Jian.
Wu Jian was aware of your devotion.
You visited 1 branch of the dungeon, and saw 5 of its levels.

You collected 91 gold pieces.

Inventory:

Hand Weapons
 a - a +0 long sword (weapon)
Missiles
 d - 3 throwing nets
 e - a javelin
 m - 16 poisoned darts (quivered)
Armour
 i - a +0 chain mail (worn)
 p - a +0 pair of boots (worn)
Jewellery
 c - a ring of ice
Scrolls
 f - 2 scrolls of immolation {unknown}
 j - a scroll of magic mapping {unknown}
 l - a scroll of amnesia {unknown}
 n - 2 scrolls of identify {unknown}
 o - a scroll of fog {unknown}
 q - a scroll of fear {unknown}
 r - a scroll of torment {unknown}
Potions
 g - 3 potions of curing {unknown}
 h - 2 potions of lignification {unknown}
 k - a potion of flight {unknown}


   Skills:
 + Level 2.7 Fighting
 + Level 4.4 Long Blades
 + Level 2.2 Throwing
 + Level 3.1 Armour
 + Level 3.3 Dodging
 + Level 0.5 Stealth


You had 5 spell levels left.
You didn't know any spells.
Your spell library contained the following spells:

 Spells                   Type           Power      Damage    Failure   Level
 Portal Projectile        Hex/Tloc       0%         N/A       100%        3
 Tukima's Dance           Hex            0%         N/A       100%        3
 Petrify                  Tmut/Erth      0%         N/A       100%        4
 Blade Hands              Tmut           0%         N/A       100%        5
 Metabolic Englaciation   Hex/Ice        0%         N/A       100%        5
 Statue Form              Tmut/Erth      0%         N/A       100%        6


Dungeon Overview and Level Annotations

Branches:
Dungeon (5/15)
 Temple: D:4-7

Altars:
Hepliaklqana
Nemelex Xobeh
Qazlal
Trog
Wu Jian

Shops:
D:1 *


Innate Abilities, Weirdness & Mutations

You have a pair of antennae on your head.
You may rarely emit foul miasma when damaged in melee.


Message History

The orc priest is almost dead.
The orc priest miscasts a cantrip.
The orc priest hits you but does no damage.
As you read the scroll of teleportation, it crumbles to dust.
You feel strangely unstable.
The orc priest hits you with a +0 short sword.
* * * LOW HITPOINT WARNING * * *
You barely miss the orc priest.
The orc priest is almost dead.
An orc comes into view. It is wielding a +0 dagger.
The orc priest mumbles some strange prayers to Beogh against you.
You barely resist.
The orc shouts!
You hit the orc priest.
You kill the orc priest!
The Council accepts your kill. The adder bites you but does no damage.
The adder attacks as you move away! The adder bites you but does no damage.
Your surroundings suddenly seem different.
A ball python and a jackal come into view.
Found 10 stones, 2 poisoned darts and a chain mail.
Found a stone staircase leading down.
The ball python hisses angrily.
The jackal barks!
You hear a shout!
The ball python bites you but does no damage.
The ball python grabs you. The ball python constricts you.
You hit the ball python.
You kill the ball python!
The Council accepts your kill.
A jackal comes into view.
The jackal attacks as you move away!
The jackal bites you but does no damage.
There is a stone staircase leading down here.
The jackal bites you but does no damage. x2
You climb downwards.
The white imp shouts, "Out, out, thou feeble toenail-biting dingleberry!"
The wyvern hisses angrily.
There is a stone staircase leading up here.
Unknown command.
The jackal closely misses you. The wyvern bites you!
You die...

#######
#.....#
#...@l#
#..h.......5
#.....#.##.#
#.....#{#
#######


You could see a wyvern, a white imp and a jackal.

Vanquished Creatures
  A scorpion (D:3)
  2 orc priests (D:4)
  An orc wizard (D:4)
  Natasha (D:2)
  4 gnolls (D:3)
  6 adders
  A worm (D:2)
  A dart slug (D:1)
  An orc (D:3)
  3 endoplasms
  4 giant cockroaches
  6 goblins
  3 hobgoblins
  6 jackals
  5 quokkas
  6 ball pythons
  A bat (D:1)
  4 frilled lizards
  8 kobolds
  A rat (D:2)
65 creatures vanquished.

Notes
Turn   | Place    | Note
-------+----------+-------------------------------------------
     0 | D:1      | Malachi the Demonspawn Gladiator began the quest for the
                  | Orb.
     0 | D:1      | Reached XP level 1. HP: 16/16 MP: 1/1
   214 | D:1      | Gained mutation: You have a pair of small antennae on your
                  | head. [demonic ancestry]
   214 | D:1      | Reached XP level 2. HP: 15/22 MP: 2/2
   368 | D:1      | Reached skill level 3 in Long Blades
   395 | D:1      | Found Taips's Assorted Antiques.
  1160 | D:2      | Gained mutation: You may rarely emit foul miasma when
                  | damaged in melee. [demonic ancestry]
  1160 | D:2      | Reached XP level 3. HP: 26/27 MP: 3/3
  1704 | D:2      | Noticed Natasha
  1710 | D:2      | Killed Natasha
  1711 | D:2      | Reached skill level 1 in Armour
  1711 | D:2      | Reached XP level 4. HP: 28/33 MP: 4/4
  2630 | D:3      | Noticed a scorpion
  2638 | D:3      | Killed a scorpion
  2639 | D:3      | Gained mutation: You have a pair of antennae on your head.
                  | [demonic ancestry]
  2639 | D:3      | Reached XP level 5. HP: 39/39 MP: 5/5
  2771 | D:3      | Found a faded altar of an unknown god.
  2779 | D:3      | Prayed at the altar of an unknown god.
  2779 | D:3      | Became a worshipper of the Wu Jian Council
  2779 | D:3      | Reached * piety under Wu Jian
  3041 | D:3      | Found a stormy altar of Qazlal.
  3074 | D:3      | Found a sparkling altar of Nemelex Xobeh.
  3163 | D:3      | Reached skill level 4 in Long Blades
  3944 | D:3      | Found an ornate altar of the Wu Jian Council.
  3953 | D:3      | Found a hazy altar of Hepliaklqana.
  4241 | D:4      | Found a bloodstained altar of Trog.
  4280 | D:4      | Reached XP level 6. HP: 42/46 MP: 6/6
  4304 | D:4      | HP: 2/46 [orc priest/+0 short sword (3)]
  4320 | D:5      | Entered Level 5 of the Dungeon
  4320 | D:5      | Noticed a wyvern
  4321 | D:5      | Slain by a wyvern

Illustrated notes

Levels and vault maps discovered:
D:1:      saegor_arrival_simple_d, layout_rooms, serial_shops, shop,
          minmay_lizard_pond
D:2:      mumra_celtic_spiral_tile, layout_basic, uniq_natasha
D:3:      layout_loops_corners, mainiacjoe_overflow_swirl,
          mainiacjoe_overflow_two_lobes, chequers_ecumenical_altar_simple
D:4:      layout_rooms, bloody_trog, uniq_eustachio
D:5:      layout_loops_cross, nicolae_vehumet_altar_sigil, serial_shops,
          kennysheep_little_box, uniq_duvessa

Skill      XL: |  1  2  3  4  5  6 |
---------------+-------------------+-----
Long Blades    | 3 4 |  4.4
Dodging        | 3 |  3.3
Armour         | 1 2 3 |  3.1
Throwing       | 2 |  2.2
Fighting       | |  2.7
Stealth        | |  0.5

Action                   |  1- 3 |  4- 6 || total
-------------------------+-------+-------++-------
Melee: Long sword        |   113 |   109 ||   222
       Punch             |     1 |     2 ||     3
Throw: Dart              |       |     3 ||     3
Invok: Lunge             |       |     2 ||     2
  Use: Scroll            |       |     2 ||     2
 Stab: Sleeping          |     1 |       ||     1
Armor: Leather armour    |    10 |       ||    10
       Chain mail        |    51 |    70 ||   121
Dodge: Dodged            |    64 |    38 ||   102

Table legend: (Time is in decaauts)
 A = Elapsed time spent in this place.
 B = Non-inter-level travel time spent in this place.
 C = Inter-level travel time spent in this place.
 D = Time resting spent in this place.
 E = Time spent auto-exploring this place.
 F = Levels seen in this place.
 G = Mean time per level.
                   A        B        C        D        E       F      G
               +--------+--------+--------+--------+--------+-----+--------+
         Total |   4370 |   4243 |    127 |   1316 |   2313 |   5 |  874.0 |
       Dungeon |   4370 |   4243 |    127 |   1316 |   2313 |   5 |  874.0 |
               +--------+--------+--------+--------+--------+-----+--------+

Top non-repeatable levels by time:
     D:3: 1888 daAuts
     D:2: 1265 daAuts
     D:1: 1086 daAuts
     D:4: 129 daAuts
     D:5: 0 daAuts
